 Dungeon Crawl Stone Soup version 0.19.5 (webtiles) character file.

6234 Azzok the Fighter (level 10, 0/106 HPs)
             Began as a Minotaur Fighter on July 14, 2017.
             Was an Elder of Okawaru.
             Slain by a white ugly thing (31 damage)
             ... on level 9 of the Dungeon.
             The game lasted 00:24:32 (9678 turns).

Azzok the Fighter (Minotaur Fighter)                Turns: 9678, Time: 00:24:33

Health: 0/106      AC: 12    Str: 22    XL:     10   Next: 62%
Magic:  15/15      EV:  5    Int:  3    God:    Okawaru [****..]
Gold:   648        SH: 10    Dex: 14    Spells: 0 memorised, 9 levels left

rFire  . . .     SeeInvis .     A - +2 whip (freeze)
rCold  . . .     Gourm    .     G - +0 plate armour
rNeg   . . .     Faith    .     c - +0 shield
rPois  +         Spirit   .     (helmet restricted)
rElec  .         Reflect  .     y - +0 cloak
rCorr  .         Harm     .     (no gloves)
MR     +....     Clarity  +     (no boots)
Stlth  ..........               (no amulet)
                                D - ring of poison resistance
                                g - ring of protection from magic

@: no status effects
A: retaliatory headbutt, horns 2, agile 1, clarity, dopey 1, robust 1, sturdy
frame 1
a: Heroism, Renounce Religion


You were on level 9 of the Dungeon.
You worshipped Okawaru.
Okawaru was greatly pleased with you.
You were not hungry.

You visited 2 branches of the dungeon, and saw 10 of its levels.

You collected 648 gold pieces.

Inventory:

Hand Weapons
 A - a +2 whip of freezing (weapon)
 I - a +0 shortbow
 L - a +1 rapier of holy wrath
Missiles
 s - 82 arrows
Armour
 c - a +0 shield (worn)
 y - a +0 cloak (worn)
 G - a +0 plate armour (worn)
Jewellery
 g - a ring of protection from magic (left hand)
 u - an uncursed ring of ice
 D - a ring of poison resistance (right hand)
 J - an uncursed ring of positive energy
 U - a cursed ring of teleportation {unknown}
Wands
 a - a wand of slowing (21/48)
 b - a wand of lightning (10/15)
 v - a wand of heal wounds (0/9)
 M - a wand of iceblast (6/15)
 S - a wand of digging (8/24)
Scrolls
 j - 6 scrolls of identify {unknown}
 n - 6 scrolls of remove curse
 o - 2 scrolls of random uselessness {unknown}
 p - 2 scrolls of teleportation {unknown}
 r - 5 scrolls of noise {unknown}
 w - a scroll of fog {unknown}
 x - 4 scrolls of amnesia {unknown}
 B - 3 scrolls of enchant weapon {unknown}
 H - 2 scrolls of fear {unknown}
 Q - 3 scrolls of blinking {unknown}
Potions
 d - a potion of might
 e - 3 potions of ambrosia {unknown}
 h - 3 potions of curing {unknown}
 i - 3 potions of lignification {unknown}
 k - 2 potions of haste {unknown}
 l - a potion of invisibility {unknown}
 q - a potion of heal wounds
 t - a potion of magic {unknown}
 z - a potion of brilliance {unknown}
 F - a potion of agility {unknown}
 N - 3 potions of degeneration {unknown}
 O - a potion of cancellation {unknown}
 P - 3 potions of flight {unknown}
Comestibles
 f - 3 bread rations {@e1}
 m - 2 beef jerkies
 C - a royal jelly
 E - 2 slices of pizza
 K - 27 fruits
 R - 7 chunks of flesh {@w0}
 T - a meat ration {@e2}


   Skills:
 - Level 12.0 Fighting
   Level 2.4 Long Blades
 + Level 9.7 Bows
 - Level 3.6 Armour
 - Level 3.6 Shields
 + Level 9.1 Invocations


You had 9 spell levels left.
You didn't know any spells.

Dungeon Overview and Level Annotations

Branches:
Dungeon (9/15)             Temple (1/1) D:7
   Lair: D:8-11         Orc: D:9-12

Altars:
Cheibriados
Gozag
Hepliaklqana
Kikubaaqudgha
Makhleb
Nemelex Xobeh
Okawaru
Qazlal
Ru
Sif Muna
Trog
Uskayaw
Xom
Zin


Innate Abilities, Weirdness & Mutations

You reflexively headbutt those who attack you in melee.
You have a pair of horns on your head.
You are agile. (Dex +2)
You possess an exceptional clarity of mind.
You are dopey. (Int -2)
You are robust. (+10% HP)
Your movements are slightly less encumbered by armour. (ER -2)


Message History

Evoke which item? (* to show all) (? for menu, Esc to quit)
Zapping:
v - a wand of heal wounds {zapped: 2} (will waste charges)
Press: ? - help, Shift-Dir - straight line, f - you You feel much better.
Evoking this partially-identified wand wasted a few charges.
The white ugly thing barely misses you.
You regained 30 hp, and now have 41/106 hp.
Evoke which item? (* to show all) (? for menu, Esc to quit)
Zapping:
v - a wand of heal wounds {zapped: 4} (will waste charges)
Press: ? - help, Shift-Dir - straight line, f - you You feel much better.
Evoking this partially-identified wand wasted a few charges.
The white ugly thing gores you! The white ugly thing freezes you!!
You take 2 damage, and have 39/106 hp.
You hit the white ugly thing.
The white ugly thing is moderately wounded.
The white ugly thing gores you!
* * * LOW HITPOINT WARNING * * *
The white ugly thing freezes you!!
You die...

▒▒▒ %≈· ▒ ▒$▒ ▒
▒·▒▒·▒▒·▒▒·▒
▒≈··cul≈·l≈·
▒u▒ ▒▒▒▒▒ ▒▒@▒▒
▒▒▒·≈·▒ ▒·≈·▒
▒·▒▒·▒▒▒▒▒·▒▒▒▒
▒·▒▒·▒▒·▒▒)▒▒·▒
▒·▒
▒≈··≈··≈·)≈··≈▒
▒·▒
▒·▒▒)▒▒·▒▒·▒▒·▒
▒·▒
▒▒▒▒·▒▒▒▒▒·▒▒·▒
▒·▒ ▒·≈·▒
·≈·▒▒▒ ▒·▒
▒▒·▒▒ ▒▒▒▒▒
▒▒▒▒▒▒▒ ▒·▒


You could see 2 ugly things and a centaur warrior.

Vanquished Creatures
  A hill giant (D:9)
  An ugly thing (D:9)
  Joseph (D:7)
  A hippogriff (D:7)
  4 yaks (D:9)
  A hungry ghost (D:9)
  Eustachio (D:6)
  A mottled dragon (D:9)
  4 orc warriors
  4 sky beasts
  5 phantoms
  2 necrophages
  An ogre (D:7)
  A centaur (D:5)
  2 crocodiles
  A big kobold (D:8)
  3 bullfrogs
  A gnoll sergeant (D:8)
  4 scorpions
  3 wights (D:7)
  5 killer bees (D:8)
  A howler monkey (D:7)
  3 crimson imps
  A bullfrog zombie (D:9)
  3 jellies
  4 hounds
  6 orc priests
  A bullfrog skeleton (D:6)
  A centaur skeleton (D:5)
  10 orc wizards
  Ijyb (D:3)
  2 iguanas
  Natasha (thrice) (D:2)
  5 worker ants
  A killer bee zombie (D:8)
  A howler monkey zombie (D:8)
  A worker ant zombie (D:6)
  4 gnolls
  8 adders
  2 shadow imps
  3 oozes
  2 adder zombies
  2 adder skeletons
  2 worms
  A dart slug (D:2)
  4 leopard geckos
  31 orcs
  5 ball pythons
  6 bats
  5 giant cockroaches
  14 goblins
  5 hobgoblins
  22 jackals
  6 quokkas
  6 frilled lizards
  10 kobolds
  A leopard gecko zombie (D:5)
  A quokka skeleton (D:4)
  A quokka zombie (D:6)
  4 rats
  A bush (D:3)
237 creatures vanquished.

Notes
Turn   | Place    | Note
-------+----------+-------------------------------------------
     0 | D:1      | Azzok the Minotaur Fighter began the quest for the Orb.
     0 | D:1      | Reached XP level 1. HP: 19/19 MP: 0/0
    39 | D:1      | Reached skill level 4 in Fighting
   105 | D:1      | Reached XP level 2. HP: 27/27 MP: 1/1
   595 | D:1      | Reached skill level 5 in Fighting
  1150 | D:2      | Reached XP level 3. HP: 36/36 MP: 2/2
  1177 | D:2      | Found a bloodstained altar of Trog.
  1195 | D:2      | Noticed Natasha
  1199 | D:2      | Killed Natasha
  1284 | D:2      | Reached XP level 4. HP: 44/44 MP: 3/3
  1303 | D:2      | Reached skill level 6 in Fighting
  1411 | D:2      | Noticed Natasha
  1423 | D:2      | Killed Natasha
  1452 | D:2      | Noticed Natasha
  1458 | D:2      | Killed Natasha
  1703 | D:2      | Reached XP level 5. HP: 50/51 MP: 4/4
  1707 | D:2      | Reached skill level 7 in Fighting
  1731 | D:2      | Found a shimmering altar of Xom.
  1733 | D:2      | Found a shimmering altar of Xom.
  1734 | D:2      | Found a shimmering altar of Xom.
  1873 | D:3      | Noticed a sky beast
  1892 | D:2      | Killed a sky beast
  2055 | D:2      | Gained mutation: Your movements are slightly less encumbered by armour. (ER -2) [mutagenic meat]
  2056 | D:2      | Gained mutation: You are robust. (+10% HP) [mutagenic meat]
  2057 | D:2      | Gained mutation: You are agile. (Dex +2) [mutagenic meat]
  2064 | D:2      | Gained mutation: You are dopey. (Int -2) [mutagenic meat]
  2086 | D:2      | Reached skill level 8 in Fighting
  2086 | D:2      | Reached XP level 6. HP: 54/67 MP: 5/5
  2225 | D:3      | Found an opulent altar of Gozag.
  2398 | D:3      | Noticed Ijyb
  2414 | D:3      | Killed Ijyb
  2735 | D:3      | Reached skill level 9 in Fighting
  3186 | D:4      | Found a bloodstained altar of Trog.
  3241 | D:4      | Reached XP level 7. HP: 78/78 MP: 6/6
  3522 | D:4      | Reached skill level 10 in Fighting
  3933 | D:5      | Entered Level 5 of the Dungeon
  3948 | D:5      | Found a hide-covered altar of Uskayaw.
  4379 | D:5      | Found a sparkling altar of Nemelex Xobeh.
  4379 | D:5      | Found an iron altar of Okawaru.
  4380 | D:5      | Found a glowing silver altar of Zin.
  4400 | D:5      | Reached skill level 11 in Fighting
  4424 | D:5      | Became a worshipper of Warmaster Okawaru
  4591 | D:5      | Reached XP level 8. HP: 90/90 MP: 7/7
  4772 | D:5      | Reached skill level 1 in Bows
  4772 | D:5      | Reached skill level 1 in Invocations
  5374 | D:5      | Reached * piety under Okawaru
  5563 | D:5      | Reached skill level 12 in Fighting
  6136 | D:5      | Reached XP level 9. HP: 90/99 MP: 11/11
  6175 | D:5      | Gained mutation: You possess an exceptional clarity of mind. [mutagenic meat]
  6340 | D:6      | Found a burning altar of Makhleb.
  6340 | D:6      | Noticed a green death
  6424 | D:6      | Noticed Eustachio
  6428 | D:6      | Reached skill level 5 in Bows
  6466 | D:6      | Killed Eustachio
  6601 | D:7      | Found a staircase to the Ecumenical Temple.
  6611 | D:7      | Reached ** piety under Okawaru
  6611 | D:7      | Reached skill level 5 in Invocations
  6642 | D:7      | Noticed Joseph
  6662 | D:7      | Killed Joseph
  6670 | Temple   | Entered the Ecumenical Temple
  8094 | D:8      | Reached *** piety under Okawaru
  8434 | D:8      | Found a hazy altar of Hepliaklqana.
  8509 | D:8      | Reached XP level 10. HP: 77/106 MP: 14/14
  8616 | D:8      | Found an ancient bone altar of Kikubaaqudgha.
  8815 | D:8      | Found a deep blue altar of Sif Muna.
  8878 | D:8      | Found a faded altar of an unknown god.
  8878 | D:8      | Found a faded altar of an unknown god.
  8891 | D:8      | Found a faded altar of an unknown god.
  8893 | D:8      | Found a stormy altar of Qazlal.
  8895 | D:8      | Found a snail-covered altar of Cheibriados.
  9521 | D:9      | Found a sacrificial altar of Ru.
  9571 | D:9      | Reached **** piety under Okawaru
  9611 | D:9      | Noticed a hill giant
  9617 | D:9      | Noticed a cyan ugly thing
  9622 | D:9      | Killed a hill giant
  9627 | D:9      | Killed a cyan ugly thing
  9654 | D:9      | Noticed a centaur warrior
  9665 | D:9      | Noticed a brown ugly thing
  9674 | D:9      | Noticed a white ugly thing
  9678 | D:9      | Slain by a white ugly thing

Skill      XL: |  1  2  3  4  5  6  7  8  9 10 |
---------------+-------------------------------+-----
Fighting       | 4 5 6 8 9 11 12 | 12.0
Bows           | 4 8 9 |  9.7
Invocations    | 4 7 9 |  9.1
Long Blades    | |  2.4
Armour         | |  3.6
Shields        | |  3.6

Action                   |  1- 3 |  4- 6 |  7- 9 | 10-12 || total
-------------------------+-------+-------+-------+-------++-------
Melee: Long sword        |    62 |   107 |       |       ||   169
       Headbutt          |    10 |    54 |   101 |    43 ||   208
       Whip              |       |   127 |   477 |   175 ||   779
Invok: Heroism           |       |       |     1 |     1 ||     2
Evoke: Wand              |       |       |     1 |     2 ||     3
  Use: Scroll            |       |       |     1 |       ||     1
       Potion            |       |       |       |     2 ||     2
  Eat: Chunk             |     1 |     9 |    17 |     7 ||    34
       Bread ration      |       |     1 |       |       ||     1
       Beef jerky        |       |       |       |     1 ||     1
Armor: Scale mail        |    26 |    41 |       |       ||    67
       Chain mail        |       |    60 |    85 |       ||   145
       Plate armour      |       |       |   168 |    88 ||   256
Dodge: Dodged            |    18 |    44 |   103 |    30 ||   195
Block: Shield            |    26 |    85 |   262 |    54 ||   427
       Rpst.: Long sword |     1 |     8 |       |       ||     9
